[ PARTIDA AOE2 · #464650006 ]
Team RMFrancos vs Goths
[ ANÁLISIS DE REPETICIÓN · EXTRAÍDO DE LA PARTIDA GRABADA ]
Feudal
12:05
Castillos
22:31
Imperial
32:03
| APM promedio | 19.9 |
| APM pico | 60 |
| eAPM promedio | 10.1 |
| Aldeanos / militares | 63 / 37 |
Foco
⚔️ 18.2% · 🌾 81.8%
Knight ×22 · Skirmisher ×8 · Monk ×3 · Spearman ×2 · Archer ×2
Feudal
15:34
Castillos
28:01
Imperial
—
| APM promedio | 9.3 |
| APM pico | 32 |
| eAPM promedio | 5.0 |
| Aldeanos / militares | 55 / 18 |
Foco
⚔️ 21.8% · 🌾 78.2%
Spearman ×15 · Scout Cavalry ×3
Feudal
11:12
Castillos
20:31
Imperial
—
| APM promedio | 16.5 |
| APM pico | 46 |
| eAPM promedio | 7.6 |
| Aldeanos / militares | 69 / 39 |
Foco
⚔️ 31.4% · 🌾 68.6%
Archer ×21 · Knight ×12 · Battering Ram ×6
Feudal
10:15
Castillos
22:57
Imperial
—
| APM promedio | 17.2 |
| APM pico | 35 |
| eAPM promedio | 7.5 |
| Aldeanos / militares | 87 / 45 |
Foco
⚔️ 17.9% · 🌾 82.1%
Militia ×26 · Boyar ×13 · Mangonel ×4 · Spearman ×1 · Monk ×1
Feudal
18:03
Castillos
34:02
Imperial
—
| APM promedio | 7.7 |
| APM pico | 19 |
| eAPM promedio | 5.9 |
| Aldeanos / militares | 41 / 13 |
Foco
⚔️ 22.2% · 🌾 77.8%
Spearman ×12 · Trade Cart ×6 · Iron Pagoda ×1
Feudal
17:11
Castillos
29:57
Imperial
—
| APM promedio | 9.3 |
| APM pico | 32 |
| eAPM promedio | 7.9 |
| Aldeanos / militares | 51 / 108 |
Foco
⚔️ 42.1% · 🌾 57.9%
Militia ×108
Mapa de la partida
Recursos al inicio + cada clic de construcción. Línea gruesa = muro · recuadro discontinuo = muro de casas detectado. 🟡 oro · ⚪ piedra · 🟢 bayas · 🔶 jabalí · ⭕ reliquia
Inputs por minuto
— agusgarrido - - brothaz
Build order — agusgarrido
Primeras 150 de 201 acciones detectadas
| 0:04 | Construir | House |
| 0:08 | Construir | House |
| 0:14 | Crear | Villager (Male) |
| 0:15 | Crear | Villager (Male) |
| 0:15 | Crear | Villager (Male) |
| 0:15 | Crear | Villager (Male) |
| 0:15 | Crear | Villager (Male) |
| 0:16 | Crear | Villager (Male) |
| 0:54 | Investigar | Loom |
| 1:55 | Crear | Villager (Male) |
| 1:56 | Crear | Villager (Male) |
| 1:56 | Crear | Villager (Male) |
| 2:25 | Crear | Villager (Male) |
| 2:38 | Construir | Lumber Camp |
| 3:10 | Crear | Villager (Male) |
| 3:11 | Crear | Villager (Male) |
| 4:19 | Construir | House |
| 4:46 | Crear | Villager (Male) |
| 4:47 | Crear | Villager (Male) |
| 5:23 | Construir | Mill |
| 5:59 | Crear | Villager (Male) |
| 6:00 | Crear | Villager (Male) |
| 6:40 | Crear | Villager (Male) |
| 6:46 | Construir | House |
| 7:05 | Crear | Villager (Male) |
| 7:14 | Construir | Barracks |
| 7:38 | Crear | Villager (Male) |
| 8:06 | Crear | Villager (Male) |
| 8:06 | Crear | Villager (Male) |
| 8:20 | Construir | House |
| 8:26 | Construir | Palisade Wall |
| 8:27 | Construir | Building 796 |
| 9:13 | Construir | House |
| 9:55 | Investigar | Feudal Age |
| 9:59 | Construir | House |
| 10:19 | Construir | Farm |
| 10:23 | Construir | Farm |
| 10:49 | Construir | House |
| 11:30 | Construir | House |
| 11:37 | Construir | Farm |
| 11:42 | Construir | Farm |
| 11:45 | Construir | Farm |
| 12:05 | Edad | Edad Feudal |
| 12:15 | Construir | Blacksmith |
| 12:51 | Construir | House |
| 13:20 | Investigar | Double-Bit Axe |
| 13:30 | Construir | Archery Range |
| 13:45 | Crear | Spearman |
| 13:45 | Crear | Spearman |
| 14:31 | Construir | House |
| 14:32 | Construir | House |
| 15:24 | Construir | House |
| 15:26 | Crear | Villager (Male) |
| 15:26 | Crear | Villager (Male) |
| 15:26 | Crear | Villager (Male) |
| 15:30 | Crear | Villager (Male) |
| 15:46 | Construir | House |
| 15:50 | Crear | Archer |
| 15:50 | Crear | Archer |
| 15:56 | Construir | Mining Camp |
| 16:07 | Construir | House |
| 16:12 | Construir | House |
| 16:45 | Crear | Villager (Male) |
| 16:45 | Crear | Villager (Male) |
| 16:46 | Crear | Villager (Male) |
| 17:24 | Construir | Palisade Wall |
| 17:31 | Construir | House |
| 18:24 | Construir | Palisade Wall |
| 18:31 | Construir | Mining Camp |
| 18:34 | Crear | Villager (Male) |
| 18:35 | Crear | Villager (Male) |
| 18:43 | Construir | House |
| 19:48 | Construir | House |
| 19:51 | Investigar | Castle Age |
| 20:01 | Crear | Skirmisher |
| 20:01 | Crear | Skirmisher |
| 20:02 | Crear | Skirmisher |
| 20:02 | Crear | Skirmisher |
| 20:02 | Crear | Skirmisher |
| 20:09 | Construir | House |
| 20:13 | Construir | House |
| 20:14 | Construir | House |
| 22:17 | Construir | Market |
| 22:31 | Edad | Edad de los Castillos |
| 22:34 | Construir | Town Center |
| 22:41 | Construir | Town Center |
| 22:51 | Crear | Skirmisher |
| 22:51 | Crear | Skirmisher |
| 22:52 | Crear | Skirmisher |
| 23:40 | Crear | Villager (Male) |
| 23:41 | Crear | Villager (Male) |
| 23:41 | Crear | Villager (Male) |
| 23:42 | Crear | Villager (Male) |
| 23:49 | Crear | Villager (Male) |
| 23:49 | Crear | Villager (Male) |
| 23:50 | Crear | Villager (Male) |
| 24:06 | Construir | House |
| 24:14 | Construir | Farm |
| 24:34 | Crear | Villager (Male) |
| 24:36 | Crear | Villager (Male) |
| 24:36 | Crear | Villager (Male) |
| 24:40 | Crear | Villager (Male) |
| 24:40 | Crear | Villager (Male) |
| 24:51 | Construir | University |
| 25:11 | Construir | Palisade Wall |
| 25:20 | Crear | Villager (Male) |
| 25:52 | Crear | Villager (Male) |
| 26:00 | Crear | Villager (Male) |
| 26:00 | Crear | Villager (Male) |
| 26:01 | Crear | Villager (Male) |
| 26:03 | Crear | Villager (Male) |
| 26:04 | Crear | Villager (Male) |
| 26:04 | Crear | Villager (Male) |
| 26:08 | Construir | Farm |
| 26:09 | Construir | Farm |
| 26:22 | Construir | Monastery |
| 26:33 | Construir | House |
| 26:37 | Construir | House |
| 26:39 | Construir | House |
| 26:40 | Construir | House |
| 26:41 | Construir | House |
| 26:43 | Construir | House |
| 26:49 | Construir | House |
| 26:51 | Construir | House |
| 26:53 | Construir | House |
| 26:57 | Construir | House |
| 27:18 | Construir | Palisade Wall |
| 27:23 | Crear | Monk |
| 28:24 | Investigar | Elite Skirmisher (upgrade) |
| 28:47 | Construir | Palisade Wall |
| 28:53 | Investigar | Imperial Age |
| 29:14 | Construir | Stable |
| 29:34 | Construir | Castle |
| 31:05 | Crear | Knight |
| 31:05 | Crear | Knight |
| 31:05 | Crear | Knight |
| 31:10 | Construir | Farm |
| 31:12 | Construir | Farm |
| 31:14 | Crear | Villager (Male) |
| 31:15 | Crear | Villager (Male) |
| 31:17 | Crear | Villager (Male) |
| 31:21 | Construir | Farm |
| 31:23 | Construir | Farm |
| 31:24 | Construir | Farm |
| 31:28 | Construir | Farm |
| 31:42 | Construir | Mining Camp |
| 32:03 | Edad | Edad Imperial |
| 32:23 | Crear | Villager (Male) |
| 32:23 | Crear | Villager (Male) |
| 32:24 | Crear | Villager (Male) |
Build order — brothaz
139 acciones detectadas en el replay
| 0:24 | Crear | Villager (Male) |
| 0:25 | Crear | Villager (Male) |
| 0:25 | Crear | Villager (Male) |
| 0:25 | Crear | Villager (Male) |
| 0:26 | Crear | Villager (Male) |
| 1:39 | Crear | Villager (Male) |
| 2:13 | Crear | Villager (Male) |
| 2:46 | Crear | Villager (Male) |
| 3:11 | Crear | Villager (Male) |
| 3:11 | Crear | Villager (Male) |
| 4:25 | Crear | Villager (Male) |
| 4:25 | Crear | Villager (Male) |
| 4:25 | Crear | Villager (Male) |
| 4:26 | Crear | Villager (Male) |
| 4:26 | Crear | Villager (Male) |
| 4:26 | Crear | Villager (Male) |
| 5:39 | Crear | Villager (Male) |
| 5:39 | Crear | Villager (Male) |
| 5:40 | Crear | Villager (Male) |
| 6:29 | Crear | Villager (Male) |
| 8:31 | Construir | Mill |
| 10:08 | Construir | Farm |
| 10:16 | Construir | Farm |
| 10:33 | Crear | Villager (Male) |
| 10:33 | Crear | Villager (Male) |
| 10:36 | Crear | Villager (Male) |
| 10:55 | Construir | Farm |
| 11:00 | Construir | Farm |
| 11:17 | Construir | Farm |
| 12:43 | Investigar | Loom |
| 13:03 | Construir | Lumber Camp |
| 13:25 | Investigar | Feudal Age |
| 13:37 | Construir | Farm |
| 13:40 | Construir | Farm |
| 13:44 | Construir | Farm |
| 13:48 | Construir | Farm |
| 13:53 | Construir | Farm |
| 14:02 | Construir | Farm |
| 14:26 | Construir | Farm |
| 15:34 | Edad | Edad Feudal |
| 16:05 | Construir | Barracks |
| 16:17 | Investigar | Wheelbarrow |
| 17:41 | Crear | Villager (Male) |
| 17:41 | Crear | Villager (Male) |
| 17:41 | Crear | Villager (Male) |
| 17:41 | Crear | Villager (Male) |
| 17:42 | Crear | Villager (Male) |
| 17:42 | Crear | Villager (Male) |
| 17:42 | Crear | Villager (Male) |
| 17:42 | Crear | Villager (Male) |
| 17:43 | Crear | Villager (Male) |
| 17:43 | Crear | Villager (Male) |
| 18:02 | Construir | Market |
| 18:42 | Construir | Blacksmith |
| 19:51 | Crear | Spearman |
| 19:51 | Crear | Spearman |
| 19:52 | Crear | Spearman |
| 19:56 | Crear | Villager (Male) |
| 19:56 | Crear | Villager (Male) |
| 19:56 | Crear | Villager (Male) |
| 20:05 | Investigar | Double-Bit Axe |
| 20:12 | Investigar | Horse Collar |
| 20:34 | Investigar | Forging |
| 20:36 | Investigar | Scale Mail Armor |
| 20:42 | Investigar | Arson |
| 20:53 | Construir | Farm |
| 21:04 | Construir | Farm |
| 21:07 | Construir | Farm |
| 21:55 | Construir | Stable |
| 22:02 | Crear | Spearman |
| 22:02 | Crear | Spearman |
| 22:03 | Crear | Spearman |
| 22:05 | Crear | Spearman |
| 22:19 | Investigar | Scale Barding Armor |
| 22:27 | Crear | Villager (Male) |
| 22:28 | Crear | Villager (Male) |
| 22:28 | Crear | Villager (Male) |
| 22:28 | Crear | Villager (Male) |
| 22:29 | Crear | Villager (Male) |
| 22:29 | Crear | Villager (Male) |
| 22:29 | Crear | Villager (Male) |
| 22:30 | Crear | Villager (Male) |
| 22:36 | Construir | Farm |
| 22:42 | Construir | Farm |
| 22:46 | Construir | Farm |
| 22:51 | Construir | Farm |
| 23:15 | Crear | Spearman |
| 23:18 | Crear | Spearman |
| 23:37 | Construir | Farm |
| 23:58 | Construir | Farm |
| 24:24 | Construir | Farm |
| 25:12 | Investigar | Castle Age |
| 25:20 | Investigar | Castle Age |
| 25:37 | Crear | Spearman |
| 25:37 | Crear | Spearman |
| 25:38 | Crear | Spearman |
| 25:38 | Crear | Spearman |
| 25:38 | Crear | Spearman |
| 26:20 | Crear | Scout Cavalry |
| 26:20 | Crear | Scout Cavalry |
| 26:29 | Crear | Spearman |
| 26:33 | Crear | Scout Cavalry |
| 28:01 | Edad | Edad de los Castillos |
| 28:38 | Construir | Stable |
| 28:43 | Investigar | Hand Cart |
| 28:47 | Investigar | Heavy Plow |
| 29:14 | Construir | Lumber Camp |
| 29:40 | Investigar | Light Cavalry (upgrade) |
| 29:43 | Investigar | Husbandry |
| 30:05 | Investigar | Bow Saw |
| 32:28 | Crear | Villager (Male) |
| 32:29 | Crear | Villager (Male) |
| 32:29 | Crear | Villager (Male) |
| 32:29 | Crear | Villager (Male) |
| 35:47 | Construir | Town Center |
| 36:35 | Construir | Farm |
| 36:38 | Construir | Farm |
| 37:50 | Construir | Stable |
| 37:56 | Construir | Stable |
| 38:02 | Construir | Stable |
| 38:09 | Construir | Stable |
| 38:14 | Crear | Villager (Male) |
| 38:15 | Crear | Villager (Male) |
| 38:15 | Crear | Villager (Male) |
| 38:15 | Crear | Villager (Male) |
| 38:16 | Crear | Villager (Male) |
| 38:16 | Crear | Villager (Male) |
| 38:17 | Crear | Villager (Male) |
| 38:25 | Construir | Farm |
| 38:31 | Construir | Farm |
| 38:35 | Construir | Farm |
| 38:42 | Construir | Farm |
| 38:46 | Construir | Farm |
| 38:51 | Construir | Farm |
| 38:55 | Construir | Farm |
| 40:11 | Construir | Market |
| 40:30 | Construir | Farm |
| 40:35 | Construir | Farm |
| 40:40 | Construir | Farm |
Build order — Lt_Reingebuttert
Primeras 150 de 206 acciones detectadas
| 0:01 | Crear | Villager (Male) |
| 0:02 | Crear | Villager (Male) |
| 0:02 | Crear | Villager (Male) |
| 0:02 | Crear | Villager (Male) |
| 0:02 | Crear | Villager (Male) |
| 0:05 | Construir | House |
| 0:07 | Construir | House |
| 1:10 | Crear | Villager (Male) |
| 1:36 | Crear | Villager (Male) |
| 2:06 | Crear | Villager (Male) |
| 2:07 | Crear | Villager (Male) |
| 2:28 | Crear | Villager (Male) |
| 2:28 | Crear | Villager (Male) |
| 3:13 | Construir | House |
| 3:16 | Crear | Villager (Male) |
| 3:37 | Crear | Villager (Male) |
| 4:02 | Construir | Lumber Camp |
| 4:54 | Crear | Villager (Male) |
| 4:55 | Crear | Villager (Male) |
| 4:55 | Crear | Villager (Male) |
| 4:55 | Crear | Villager (Male) |
| 6:41 | Crear | Villager (Male) |
| 6:41 | Crear | Villager (Male) |
| 7:13 | Construir | Farm |
| 7:17 | Construir | Farm |
| 7:19 | Construir | Farm |
| 7:47 | Construir | Farm |
| 8:05 | Construir | Farm |
| 8:26 | Construir | Farm |
| 9:02 | Investigar | Feudal Age |
| 9:14 | Construir | Mining Camp |
| 9:38 | Crear | Villager (Male) |
| 11:12 | Edad | Edad Feudal |
| 11:39 | Construir | House |
| 11:40 | Construir | House |
| 11:41 | Construir | House |
| 11:47 | Construir | Farm |
| 11:52 | Crear | Villager (Male) |
| 11:52 | Crear | Villager (Male) |
| 12:36 | Construir | Archery Range |
| 13:04 | Construir | House |
| 13:06 | Construir | House |
| 13:12 | Construir | Farm |
| 13:20 | Crear | Villager (Male) |
| 13:20 | Crear | Villager (Male) |
| 13:21 | Crear | Villager (Male) |
| 13:21 | Crear | Villager (Male) |
| 13:58 | Construir | Mill |
| 14:08 | Construir | Farm |
| 14:24 | Crear | Villager (Male) |
| 14:30 | Crear | Archer |
| 14:31 | Crear | Archer |
| 14:31 | Crear | Archer |
| 14:31 | Crear | Archer |
| 14:31 | Crear | Archer |
| 14:32 | Crear | Archer |
| 14:32 | Crear | Archer |
| 14:32 | Crear | Archer |
| 14:32 | Crear | Archer |
| 14:32 | Crear | Archer |
| 14:33 | Crear | Archer |
| 14:54 | Construir | Farm |
| 15:08 | Construir | Farm |
| 15:43 | Construir | Mining Camp |
| 15:59 | Crear | Villager (Male) |
| 15:59 | Crear | Villager (Male) |
| 16:49 | Construir | Stone Wall |
| 16:57 | Construir | Stone Wall |
| 17:04 | Construir | Stone Wall |
| 17:21 | Construir | Farm |
| 17:28 | Construir | Farm |
| 17:51 | Investigar | Castle Age |
| 17:52 | Crear | Villager (Male) |
| 17:53 | Crear | Villager (Male) |
| 18:35 | Crear | Villager (Male) |
| 19:56 | Investigar | Double-Bit Axe |
| 19:59 | Investigar | Horse Collar |
| 20:10 | Construir | Stone Wall |
| 20:31 | Edad | Edad de los Castillos |
| 21:09 | Investigar | Crossbowman (upgrade) |
| 22:19 | Construir | Stone Wall |
| 23:35 | Crear | Villager (Male) |
| 23:35 | Crear | Villager (Male) |
| 23:35 | Crear | Villager (Male) |
| 23:36 | Crear | Villager (Male) |
| 23:36 | Crear | Villager (Male) |
| 23:46 | Investigar | Heavy Plow |
| 23:52 | Investigar | Bow Saw |
| 24:06 | Construir | Stone Wall |
| 24:07 | Construir | Stone Wall |
| 24:27 | Construir | Stone Wall |
| 24:33 | Construir | Stone Wall |
| 24:43 | Construir | Stone Wall |
| 25:10 | Construir | House |
| 25:10 | Construir | House |
| 25:11 | Construir | House |
| 25:11 | Construir | House |
| 25:11 | Construir | House |
| 25:11 | Construir | House |
| 25:12 | Construir | House |
| 25:39 | Construir | Mining Camp |
| 25:58 | Crear | Archer |
| 25:58 | Crear | Archer |
| 25:58 | Crear | Archer |
| 25:58 | Crear | Archer |
| 25:59 | Crear | Archer |
| 25:59 | Crear | Archer |
| 25:59 | Crear | Archer |
| 25:59 | Crear | Archer |
| 25:59 | Crear | Archer |
| 26:00 | Crear | Archer |
| 26:15 | Construir | Stone Wall |
| 26:48 | Crear | Villager (Male) |
| 26:48 | Crear | Villager (Male) |
| 26:49 | Crear | Villager (Male) |
| 26:49 | Crear | Villager (Male) |
| 26:49 | Crear | Villager (Male) |
| 27:24 | Construir | Stable |
| 27:25 | Construir | Stable |
| 28:31 | Construir | Farm |
| 29:11 | Construir | Lumber Camp |
| 29:31 | Investigar | Gold Mining |
| 29:32 | Investigar | Stone Mining |
| 29:56 | Crear | Knight |
| 29:56 | Crear | Knight |
| 29:56 | Crear | Knight |
| 29:56 | Crear | Knight |
| 29:57 | Crear | Knight |
| 29:57 | Crear | Knight |
| 29:57 | Crear | Knight |
| 29:57 | Crear | Knight |
| 29:57 | Crear | Knight |
| 29:58 | Crear | Knight |
| 29:58 | Crear | Knight |
| 29:58 | Crear | Knight |
| 30:52 | Crear | Villager (Male) |
| 30:52 | Crear | Villager (Male) |
| 30:52 | Crear | Villager (Male) |
| 30:52 | Crear | Villager (Male) |
| 30:53 | Crear | Villager (Male) |
| 30:53 | Crear | Villager (Male) |
| 30:53 | Crear | Villager (Male) |
| 31:32 | Construir | Farm |
| 31:53 | Construir | Town Center |
| 33:35 | Construir | Farm |
| 33:37 | Construir | Farm |
| 33:49 | Construir | Siege Workshop |
| 33:50 | Construir | Siege Workshop |
| 34:04 | Construir | Blacksmith |
| 34:17 | Investigar | Wheelbarrow |
Build order — generaljaweed
Primeras 150 de 185 acciones detectadas
| 0:04 | Crear | Villager (Male) |
| 0:08 | Construir | House |
| 0:10 | Construir | House |
| 0:12 | Crear | Villager (Male) |
| 0:24 | Crear | Villager (Male) |
| 1:16 | Crear | Villager (Male) |
| 1:55 | Crear | Villager (Male) |
| 1:56 | Investigar | Loom |
| 2:47 | Crear | Villager (Male) |
| 2:48 | Crear | Villager (Male) |
| 2:48 | Crear | Villager (Male) |
| 3:41 | Crear | Villager (Male) |
| 3:55 | Construir | Lumber Camp |
| 4:42 | Crear | Villager (Male) |
| 4:42 | Crear | Villager (Male) |
| 5:11 | Construir | House |
| 5:23 | Construir | House |
| 5:49 | Construir | Mill |
| 5:54 | Crear | Villager (Male) |
| 5:54 | Crear | Villager (Male) |
| 5:54 | Crear | Villager (Male) |
| 6:29 | Crear | Villager (Male) |
| 8:05 | Investigar | Feudal Age |
| 8:25 | Construir | Barracks |
| 8:45 | Construir | Farm |
| 9:24 | Crear | Villager (Male) |
| 10:05 | Construir | Mill |
| 10:15 | Edad | Edad Feudal |
| 10:53 | Crear | Spearman |
| 10:58 | Crear | Militia |
| 10:58 | Crear | Militia |
| 11:19 | Construir | Mining Camp |
| 11:24 | Crear | Villager (Male) |
| 11:24 | Crear | Villager (Male) |
| 11:24 | Crear | Villager (Male) |
| 11:39 | Investigar | Double-Bit Axe |
| 13:00 | Crear | Villager (Male) |
| 13:00 | Crear | Villager (Male) |
| 13:04 | Investigar | Wheelbarrow |
| 13:05 | Investigar | Town Watch |
| 13:35 | Construir | Farm |
| 14:18 | Investigar | Man-at-Arms (upgrade) |
| 14:33 | Construir | Farm |
| 14:41 | Construir | Farm |
| 14:45 | Crear | Villager (Male) |
| 14:45 | Crear | Villager (Male) |
| 15:56 | Construir | Farm |
| 15:57 | Construir | Farm |
| 16:00 | Construir | Farm |
| 16:05 | Crear | Villager (Male) |
| 16:08 | Construir | Farm |
| 16:14 | Crear | Villager (Male) |
| 16:54 | Construir | Stable |
| 17:03 | Construir | House |
| 17:05 | Construir | House |
| 17:08 | Construir | House |
| 17:30 | Construir | Farm |
| 17:41 | Construir | Mill |
| 17:44 | Crear | Villager (Male) |
| 17:45 | Crear | Villager (Male) |
| 19:06 | Crear | Militia |
| 19:07 | Crear | Militia |
| 19:07 | Crear | Militia |
| 19:30 | Construir | Blacksmith |
| 19:35 | Construir | House |
| 19:46 | Construir | House |
| 20:04 | Construir | Farm |
| 20:07 | Construir | Farm |
| 20:12 | Construir | Farm |
| 20:17 | Investigar | Castle Age |
| 20:21 | Crear | Villager (Male) |
| 20:22 | Crear | Villager (Male) |
| 20:28 | Investigar | Horse Collar |
| 21:01 | Construir | Mining Camp |
| 21:14 | Investigar | Scale Mail Armor |
| 21:20 | Construir | Farm |
| 22:04 | Construir | Lumber Camp |
| 22:39 | Investigar | Stone Mining |
| 22:43 | Investigar | Gold Mining |
| 22:57 | Edad | Edad de los Castillos |
| 23:24 | Investigar | Long Swordsman (upgrade) |
| 23:37 | Investigar | Chain Mail Armor |
| 23:52 | Crear | Militia ×5 |
| 24:23 | Investigar | Bow Saw |
| 24:58 | Investigar | Heavy Plow |
| 25:25 | Construir | Farm |
| 25:28 | Crear | Villager (Male) ×5 |
| 26:15 | Crear | Militia ×5 |
| 26:58 | Crear | Villager (Male) |
| 26:58 | Crear | Villager (Male) |
| 26:59 | Crear | Villager (Male) |
| 26:59 | Crear | Villager (Male) |
| 27:10 | Crear | Militia |
| 28:31 | Investigar | Hand Cart |
| 28:32 | Crear | Villager (Male) |
| 28:36 | Crear | Militia |
| 28:36 | Crear | Militia |
| 28:36 | Crear | Militia |
| 29:04 | Crear | Militia |
| 29:04 | Crear | Militia |
| 30:06 | Crear | Villager (Male) ×5 |
| 30:16 | Construir | Town Center |
| 30:22 | Construir | House |
| 30:22 | Construir | House |
| 30:23 | Construir | House |
| 30:23 | Construir | House |
| 30:23 | Construir | House |
| 30:23 | Construir | House |
| 30:25 | Construir | House |
| 31:09 | Construir | House |
| 31:09 | Construir | House |
| 31:10 | Construir | House |
| 31:10 | Construir | House |
| 31:14 | Construir | House |
| 31:47 | Construir | Siege Workshop |
| 31:56 | Construir | Castle |
| 32:11 | Construir | Mining Camp |
| 32:17 | Crear | Villager (Male) ×5 |
| 32:21 | Crear | Villager (Male) ×5 |
| 32:26 | Investigar | Town Patrol |
| 32:27 | Crear | Villager (Male) |
| 32:27 | Crear | Villager (Male) |
| 33:55 | Construir | Monastery |
| 34:06 | Investigar | Tech 455 |
| 34:16 | Construir | Town Center |
| 34:22 | Crear | Villager (Male) ×5 |
| 34:26 | Crear | Villager (Male) ×5 |
| 34:31 | Construir | Farm |
| 34:31 | Construir | Farm |
| 34:31 | Construir | Farm |
| 34:32 | Construir | Farm |
| 34:32 | Construir | Farm |
| 34:32 | Construir | Farm |
| 34:32 | Construir | Farm |
| 34:37 | Construir | Farm |
| 34:39 | Construir | Farm |
| 34:53 | Construir | House |
| 34:53 | Construir | House |
| 34:53 | Construir | House |
| 34:53 | Construir | House |
| 34:54 | Construir | House |
| 34:54 | Construir | House |
| 34:54 | Construir | House |
| 34:55 | Construir | House |
| 34:55 | Construir | House |
| 34:56 | Construir | House |
| 34:56 | Construir | House |
| 35:02 | Construir | Farm |
| 35:05 | Construir | Farm |
| 35:17 | Crear | Mangonel |
Build order — hawyak12
141 acciones detectadas en el replay
| 0:31 | Construir | Lumber Camp |
| 0:41 | Investigar | Loom |
| 0:58 | Construir | House |
| 1:39 | Crear | Villager (Male) |
| 1:39 | Crear | Villager (Male) |
| 2:17 | Crear | Villager (Male) |
| 2:18 | Crear | Villager (Male) |
| 2:43 | Crear | Villager (Male) |
| 3:09 | Crear | Villager (Male) |
| 4:00 | Construir | House |
| 4:00 | Construir | House |
| 4:02 | Construir | House |
| 4:25 | Construir | House |
| 4:34 | Construir | House |
| 4:35 | Construir | House |
| 4:36 | Construir | House |
| 4:38 | Construir | House |
| 4:41 | Crear | Villager (Male) |
| 4:41 | Crear | Villager (Male) |
| 4:42 | Crear | Villager (Male) |
| 5:09 | Construir | House |
| 5:10 | Construir | House |
| 5:21 | Crear | Villager (Male) |
| 5:21 | Crear | Villager (Male) |
| 5:21 | Crear | Villager (Male) |
| 5:52 | Crear | Villager (Male) |
| 5:52 | Crear | Villager (Male) |
| 8:20 | Crear | Villager (Male) |
| 8:21 | Crear | Villager (Male) |
| 8:21 | Crear | Villager (Male) |
| 8:21 | Crear | Villager (Male) |
| 8:21 | Crear | Villager (Male) |
| 8:22 | Crear | Villager (Male) |
| 8:23 | Crear | Villager (Male) |
| 8:23 | Crear | Villager (Male) |
| 8:23 | Crear | Villager (Male) |
| 10:07 | Crear | Villager (Male) |
| 10:07 | Crear | Villager (Male) |
| 10:07 | Crear | Villager (Male) |
| 10:07 | Crear | Villager (Male) |
| 10:20 | Crear | Villager (Male) |
| 10:55 | Construir | Mining Camp |
| 11:54 | Crear | Villager (Male) |
| 11:55 | Crear | Villager (Male) |
| 11:55 | Crear | Villager (Male) |
| 11:56 | Crear | Villager (Male) |
| 11:56 | Crear | Villager (Male) |
| 11:56 | Crear | Villager (Male) |
| 11:57 | Crear | Villager (Male) |
| 12:40 | Construir | Mill |
| 13:19 | Construir | Farm |
| 13:20 | Construir | Farm |
| 13:21 | Construir | Farm |
| 13:22 | Construir | Farm |
| 13:23 | Construir | Farm |
| 13:23 | Construir | Farm |
| 13:24 | Construir | Farm |
| 13:25 | Construir | Farm |
| 14:00 | Construir | Farm |
| 14:02 | Construir | Farm |
| 14:03 | Construir | Farm |
| 14:06 | Construir | Farm |
| 14:07 | Construir | Farm |
| 14:08 | Construir | Farm |
| 14:12 | Construir | Farm |
| 14:17 | Construir | Farm |
| 14:21 | Construir | Farm |
| 14:28 | Construir | Farm |
| 14:31 | Construir | Farm |
| 14:55 | Construir | Farm |
| 14:57 | Construir | Farm |
| 15:07 | Construir | Farm |
| 15:43 | Construir | Mining Camp |
| 15:53 | Investigar | Feudal Age |
| 16:49 | Construir | Barracks |
| 17:26 | Construir | Barracks |
| 18:03 | Edad | Edad Feudal |
| 18:07 | Investigar | Wheelbarrow |
| 18:08 | Investigar | Town Watch |
| 18:12 | Investigar | Double-Bit Axe |
| 18:16 | Investigar | Horse Collar |
| 18:20 | Crear | Villager (Male) |
| 18:20 | Crear | Villager (Male) |
| 18:21 | Crear | Villager (Male) |
| 18:21 | Crear | Villager (Male) |
| 18:21 | Crear | Villager (Male) |
| 18:21 | Crear | Villager (Male) |
| 19:34 | Construir | Stone Wall |
| 20:16 | Investigar | Stone Mining |
| 20:17 | Investigar | Gold Mining |
| 20:31 | Construir | Market |
| 20:37 | Construir | Blacksmith |
| 20:56 | Construir | Stone Wall |
| 21:30 | Construir | Lumber Camp |
| 21:58 | Investigar | Arson |
| 21:59 | Crear | Spearman |
| 22:00 | Crear | Spearman |
| 22:00 | Crear | Spearman |
| 22:00 | Crear | Spearman |
| 22:01 | Crear | Spearman |
| 22:01 | Crear | Spearman |
| 22:01 | Crear | Spearman |
| 22:01 | Crear | Spearman |
| 22:02 | Crear | Spearman |
| 23:09 | Construir | Stone Wall |
| 23:23 | Investigar | Forging |
| 23:24 | Investigar | Scale Mail Armor |
| 23:24 | Investigar | Padded Archer Armor |
| 23:25 | Investigar | Fletching |
| 23:26 | Investigar | Scale Barding Armor |
| 23:43 | Construir | Stone Wall |
| 26:34 | Crear | Spearman |
| 26:34 | Crear | Spearman |
| 26:35 | Crear | Spearman |
| 26:58 | Construir | Stone Wall |
| 27:47 | Construir | Watch Tower |
| 29:06 | Construir | Stone Wall |
| 29:15 | Construir | Mining Camp |
| 29:20 | Construir | Farm |
| 30:14 | Construir | Stone Wall |
| 30:43 | Construir | Farm |
| 30:43 | Construir | Farm |
| 30:43 | Construir | Farm |
| 30:58 | Construir | Farm |
| 31:22 | Investigar | Castle Age |
| 31:34 | Construir | Farm |
| 32:01 | Crear | Trade Cart |
| 32:02 | Crear | Trade Cart |
| 32:37 | Crear | Trade Cart |
| 32:37 | Crear | Trade Cart |
| 32:37 | Crear | Trade Cart |
| 32:37 | Crear | Trade Cart |
| 33:23 | Construir | Watch Tower |
| 34:02 | Edad | Edad de los Castillos |
| 34:21 | Construir | Castle |
| 34:42 | Investigar | Bow Saw |
| 34:55 | Construir | Siege Workshop |
| 35:10 | Investigar | Bodkin Arrow |
| 35:10 | Investigar | Leather Archer Armor |
| 38:28 | Construir | Mining Camp |
| 38:42 | Crear | Iron Pagoda |
Build order — Prinz_Butterbirne1312
Primeras 150 de 242 acciones detectadas
| 0:29 | Crear | Villager (Male) |
| 0:29 | Crear | Villager (Male) |
| 0:29 | Crear | Villager (Male) |
| 0:29 | Crear | Villager (Male) |
| 0:30 | Crear | Villager (Male) |
| 0:44 | Construir | House |
| 0:46 | Construir | House |
| 1:54 | Construir | House |
| 1:56 | Construir | House |
| 2:05 | Investigar | Loom |
| 3:24 | Construir | Lumber Camp |
| 3:29 | Crear | Villager (Male) |
| 3:30 | Crear | Villager (Male) |
| 4:35 | Crear | Villager (Male) |
| 4:37 | Crear | Villager (Male) |
| 4:38 | Crear | Villager (Male) |
| 5:52 | Crear | Villager (Male) |
| 6:37 | Crear | Villager (Male) |
| 6:39 | Crear | Villager (Male) |
| 6:43 | Crear | Villager (Male) |
| 7:18 | Construir | Lumber Camp |
| 7:32 | Crear | Villager (Male) |
| 8:36 | Construir | Mill |
| 8:41 | Crear | Villager (Male) |
| 8:45 | Crear | Villager (Male) |
| 9:19 | Construir | Lumber Camp |
| 9:39 | Construir | Farm |
| 10:02 | Construir | Farm |
| 10:06 | Crear | Villager (Male) |
| 10:24 | Construir | Farm |
| 10:30 | Construir | Farm |
| 10:31 | Crear | Villager (Male) |
| 10:36 | Construir | Farm |
| 11:00 | Crear | Villager (Male) |
| 11:05 | Construir | Farm |
| 11:29 | Construir | House |
| 11:32 | Construir | House |
| 11:35 | Construir | House |
| 11:42 | Construir | Farm |
| 11:46 | Crear | Villager (Male) |
| 12:21 | Construir | Farm |
| 12:23 | Crear | Villager (Male) |
| 12:55 | Construir | Farm |
| 13:04 | Crear | Villager (Male) |
| 13:13 | Construir | Farm |
| 13:28 | Crear | Villager (Male) |
| 13:36 | Construir | Farm |
| 13:45 | Crear | Villager (Male) |
| 13:59 | Construir | Farm |
| 14:14 | Crear | Villager (Male) |
| 14:30 | Construir | Farm |
| 14:35 | Construir | Farm |
| 14:56 | Construir | Farm |
| 15:01 | Investigar | Feudal Age |
| 15:31 | Construir | Mining Camp |
| 16:30 | Crear | Villager (Male) |
| 17:11 | Edad | Edad Feudal |
| 17:13 | Crear | Villager (Male) |
| 17:23 | Investigar | Horse Collar |
| 17:26 | Investigar | Double-Bit Axe |
| 17:38 | Crear | Villager (Male) |
| 17:45 | Construir | Mining Camp |
| 18:11 | Construir | Mill |
| 18:50 | Construir | Palisade Wall |
| 18:57 | Crear | Villager (Male) |
| 19:06 | Crear | Villager (Male) |
| 19:09 | Crear | Villager (Male) |
| 19:49 | Construir | Palisade Wall |
| 20:03 | Crear | Villager (Male) |
| 20:04 | Crear | Villager (Male) |
| 20:27 | Construir | House |
| 20:30 | Construir | House |
| 20:35 | Construir | House |
| 20:39 | Construir | House |
| 20:49 | Crear | Villager (Male) |
| 20:51 | Crear | Villager (Male) |
| 20:54 | Crear | Villager (Male) |
| 21:57 | Construir | Barracks |
| 22:20 | Construir | Farm |
| 22:24 | Construir | Farm |
| 22:29 | Construir | Farm |
| 22:39 | Construir | Barracks |
| 22:57 | Construir | Mining Camp |
| 23:01 | Crear | Villager (Male) |
| 23:02 | Crear | Villager (Male) |
| 23:03 | Crear | Villager (Male) |
| 23:10 | Investigar | Man-at-Arms (upgrade) |
| 23:39 | Construir | Blacksmith |
| 23:53 | Construir | House |
| 24:11 | Construir | House |
| 24:14 | Construir | House |
| 24:16 | Construir | House |
| 24:18 | Construir | House |
| 24:23 | Construir | House |
| 24:41 | Construir | Farm |
| 24:55 | Crear | Villager (Male) |
| 25:05 | Construir | Barracks |
| 25:13 | Construir | Market |
| 25:30 | Investigar | Gold Mining |
| 25:34 | Crear | Militia |
| 25:35 | Crear | Militia |
| 25:35 | Crear | Militia |
| 25:35 | Crear | Militia |
| 25:36 | Crear | Militia |
| 25:40 | Crear | Militia |
| 25:41 | Crear | Militia |
| 25:41 | Crear | Militia |
| 25:41 | Crear | Militia |
| 25:41 | Crear | Militia |
| 25:46 | Investigar | Scale Barding Armor |
| 25:47 | Investigar | Scale Mail Armor |
| 26:02 | Crear | Villager (Male) |
| 26:03 | Crear | Villager (Male) |
| 26:17 | Crear | Militia |
| 26:17 | Crear | Militia |
| 26:17 | Crear | Militia |
| 26:22 | Crear | Militia |
| 26:22 | Crear | Militia |
| 26:45 | Crear | Villager (Male) |
| 26:48 | Investigar | Castle Age |
| 27:15 | Construir | Lumber Camp |
| 27:30 | Crear | Militia |
| 27:31 | Crear | Militia |
| 27:31 | Crear | Militia |
| 27:31 | Crear | Militia |
| 27:34 | Crear | Militia |
| 27:35 | Crear | Militia |
| 27:35 | Crear | Militia |
| 27:35 | Crear | Militia |
| 27:35 | Crear | Militia |
| 27:38 | Crear | Militia |
| 27:38 | Crear | Militia |
| 27:39 | Crear | Militia |
| 27:39 | Crear | Militia |
| 27:51 | Construir | House |
| 27:52 | Construir | House |
| 27:54 | Construir | House |
| 27:57 | Construir | House |
| 28:01 | Construir | House |
| 28:16 | Construir | Barracks |
| 28:53 | Crear | Militia |
| 28:54 | Crear | Militia |
| 28:55 | Crear | Militia |
| 28:55 | Crear | Militia |
| 28:57 | Crear | Militia |
| 28:57 | Crear | Militia |
| 29:21 | Crear | Villager (Male) |
| 29:38 | Crear | Militia |
| 29:38 | Crear | Militia |
| 29:40 | Crear | Militia |
Cronología de la partida
| 7:14 | agusgarrido · first_building Barracks |
| 8:25 | generaljaweed · first_building Barracks |
| 8:26 | agusgarrido · wall_segment Palisade Wall x4 |
| 10:15 | generaljaweed · age_up feudal |
| 11:12 | Lt_Reingebuttert · age_up feudal |
| 12:05 | agusgarrido · age_up feudal |
| 12:36 | Lt_Reingebuttert · first_building Archery Range |
| 13:30 | agusgarrido · first_building Archery Range |
| 15:34 | brothaz · age_up feudal |
| 16:05 | brothaz · first_building Barracks |
| 16:49 | Lt_Reingebuttert · wall_segment Stone Wall x24 |
| 16:49 | hawyak12 · first_building Barracks |
| 16:54 | generaljaweed · first_building Stable |
| 16:57 | Lt_Reingebuttert · wall_segment Stone Wall x21 |
| 17:04 | Lt_Reingebuttert · wall_segment Stone Wall x14 |
| 17:11 | Prinz_Butterbirne1312 · age_up feudal |
| 17:24 | agusgarrido · wall_segment Palisade Wall x1 |
| 18:03 | hawyak12 · age_up feudal |
| 18:24 | agusgarrido · wall_segment Palisade Wall x1 |
| 18:50 | Prinz_Butterbirne1312 · wall_segment Palisade Wall x13 |
| 19:34 | hawyak12 · wall_segment Stone Wall x26 |
| 19:49 | Prinz_Butterbirne1312 · wall_segment Palisade Wall x11 |
| 20:10 | Lt_Reingebuttert · wall_segment Stone Wall x8 |
| 20:31 | Lt_Reingebuttert · age_up castle |
| 20:56 | hawyak12 · wall_segment Stone Wall x1 |
| 21:55 | brothaz · first_building Stable |
| 21:57 | Prinz_Butterbirne1312 · first_building Barracks |
| 22:19 | Lt_Reingebuttert · wall_segment Stone Wall x15 |
| 22:31 | agusgarrido · age_up castle |
| 22:57 | generaljaweed · age_up castle |
| 23:09 | hawyak12 · wall_segment Stone Wall x20 |
| 23:43 | hawyak12 · wall_segment Stone Wall x12 |
| 24:06 | Lt_Reingebuttert · wall_segment Stone Wall x12 |
| 24:07 | Lt_Reingebuttert · wall_segment Stone Wall x1 |
| 24:27 | Lt_Reingebuttert · wall_segment Stone Wall x17 |
| 24:33 | Lt_Reingebuttert · wall_segment Stone Wall x13 |
| 24:43 | Lt_Reingebuttert · wall_segment Stone Wall x5 |
| 24:49 | brothaz · first_market_sell 100 food |
| 25:11 | agusgarrido · wall_segment Palisade Wall x1 |
| 26:15 | Lt_Reingebuttert · wall_segment Stone Wall x13 |
| 26:22 | agusgarrido · first_building Monastery |
| 26:58 | hawyak12 · wall_segment Stone Wall x1 |
| 27:18 | agusgarrido · wall_segment Palisade Wall x1 |
| 27:24 | Lt_Reingebuttert · first_building Stable |
| 28:01 | brothaz · age_up castle |
| 28:47 | agusgarrido · wall_segment Palisade Wall x1 |
| 29:06 | hawyak12 · wall_segment Stone Wall x15 |
| 29:14 | agusgarrido · first_building Stable |
| 29:34 | agusgarrido · first_building Castle |
| 29:46 | Prinz_Butterbirne1312 · first_market_sell 100 wood |
| 29:57 | Prinz_Butterbirne1312 · age_up castle |
| 30:14 | hawyak12 · wall_segment Stone Wall x18 |
| 31:47 | generaljaweed · first_building Siege Workshop |
| 31:56 | generaljaweed · first_building Castle |
| 32:03 | agusgarrido · age_up imperial |
| 33:49 | Lt_Reingebuttert · first_building Siege Workshop |
| 33:50 | hawyak12 · first_market_buy 100 stone |
| 33:54 | hawyak12 · first_market_sell 100 wood |
| 33:55 | generaljaweed · first_building Monastery |
| 34:02 | hawyak12 · age_up castle |
| 34:21 | hawyak12 · first_building Castle |
| 34:55 | hawyak12 · first_building Siege Workshop |
| 34:59 | Lt_Reingebuttert · first_building Castle |
| 36:50 | Lt_Reingebuttert · first_building Barracks |
| 37:12 | Prinz_Butterbirne1312 · first_building Castle |
| 39:19 | hawyak12 · resign |
| 40:09 | agusgarrido · wall_segment Palisade Wall x4 |
[ ANÁLISIS IA · 1 CRÉDITO ]
¿Qué pasó realmente en esta partida?
Wolo.gg analiza cada decisión: build order, eco, micro, errores típicos por bracket. Análisis personalizado por WhatsApp o Discord en 30 segundos.
Guía civ
Francos
Guía mapa
Mountain Ridge
Perfil
agusgarrido